 Dungeon Crawl Stone Soup version 0.18-a0-1354-gbc5753f (webtiles) character file.

198712 Ratboiler the Devastator (level 17, -13/109 HPs)
             Began as a Deep Elf Wanderer on Feb 19, 2016.
             Was the Champion of Vehumet.
             Killed by the raging water
             ... invoked by a water nymph
              (36 damage)
             ... on level 4 of the Shoals on Feb 20, 2016.
             The game lasted 04:00:16 (48222 turns).

Ratboiler the Devastator (Deep Elf Wanderer)       Turns: 48222, Time: 04:00:16

Health: -13/109    AC:  9    Str: 10    XL:     17   Next: 82%
Magic:  18/41      EV: 20    Int: 26    God:    Vehumet [******]
Gold:   2720       SH:  5    Dex: 12    Spells: 14 memorised, 4 levels left

rFire  + + .     SeeInvis .     a - staff of cold
rCold  + . .     Gourm    .     f - +0 robe {rF+}
rNeg   . . .     Faith    .     x - +0 buckler
rPois  .         Spirit   .     l - +2 hat {MR+}
rElec  .         Dismiss  .     P - +1 cloak of Xodippan {+Blink}
rCorr  .         Reflect  .     (no gloves)
SustAt .         Harm     .     i - +2 pair of boots
MR     ++...                    m - amulet of magic regeneration
Stlth  +.........               U - ring of wizardry
                                j - +3 ring of evasion

@: lethally poisoned (-13 -> -14), regenerating, very resistant to hostile
enchantments, very unstealthy
A: fire resistance 1
a: Renounce Religion, Evoke Blink
}: 1/15 runes: gossamer


You were on level 4 of the Shoals.
You worshipped Vehumet.
Vehumet was exalted by your worship.
You were not hungry.

You visited 6 branches of the dungeon, and saw 33 of its levels.
You also visited: Sewer and Ice Cave.

You collected 2834 gold pieces.
You spent 114 gold pieces at shops.

Inventory:

Hand Weapons
 b - the +11 hand axe "Wimoper" {speed, +Rage +Inv}
   (You found it in an ice cave)

   Attacks with this weapon are significantly faster.
   It lets you turn invisible.
   It lets you go berserk.
 K - the +1 morningstar of Frustration {elec, rF+++ rN+}
   (You found it on level 2 of the Spider Nest)

   Occasionally, upon striking a foe, it will discharge some electrical energy
   and cause terrible harm.
   It renders you almost immune to fire.
   It protects you from negative energy.
 Q - the +9 Staff of Wucad Mu {channel}
   (You acquired it on level 5 of the Lair of Beasts)
Missiles
 e - 10 throwing nets
 k - 950 stones (quivered)
Armour
 f - a +0 robe of fire resistance (worn)
 i - a +2 pair of boots (worn)
 l - a +2 hat of magic resistance (worn)
 x - a +0 buckler (worn)
 P - the +1 cloak of Xodippan (worn) {+Blink}
   (You found it on level 7 of the Dungeon)

   It lets you blink.
Magical Staves
 a - an uncursed staff of cold (weapon)
Rods
 R - a +1 rod of inaccuracy (13/13)
   (You found it on level 12 of the Dungeon)
Jewellery
 j - a +3 ring of evasion (left hand)
 m - an amulet of magic regeneration (around neck)
 u - the ring "Ciuwneir" {*Corrode rC+ MR- Int+8 Dex+3}
   (You found it on level 8 of the Dungeon)

   [ring of protection from cold]

   It affects your intelligence (+8).
   It affects your dexterity (+3).
   It protects you from cold.
   It affects your resistance to hostile enchantments.
   It may corrode your equipment when you take damage.
 D - an uncursed ring of see invisible
 H - an uncursed ring of protection from fire
 U - a ring of wizardry (right hand)
Wands
 t - a wand of heal wounds (4/9)
 E - a wand of teleportation (4/9)
 F - a wand of digging (8/24)
 Z - a wand of disintegration (5/24)
Scrolls
 p - 5 scrolls of enchant armour
 y - a scroll of recharging
 B - 3 scrolls of blinking
 I - 5 scrolls of fear
 L - 2 scrolls of enchant weapon
 M - 6 scrolls of teleportation
 N - 8 scrolls of remove curse
 S - 6 scrolls of identify
 V - a scroll of holy word
 W - 2 scrolls of summoning
 Y - 2 scrolls of fog
Potions
 c - 4 potions of ambrosia
 d - 3 potions of haste
 h - 5 potions of brilliance
 o - 4 potions of lignification
 q - 3 potions of resistance
 r - 4 potions of agility
 w - 12 potions of curing
 z - 4 potions of flight
 C - a potion of magic
 G - 6 potions of might
 J - a potion of cancellation
 O - 4 potions of heal wounds
 X - 2 potions of invisibility
Miscellaneous
 g - a fan of gales
 s - a lamp of fire
 A - a stone of tremors
 T - a phial of floods
Comestibles
 n - 3 chunks of flesh
 v - 5 royal jellies


   Skills:
 + Level 13.5 Fighting
   Level 1.0 Short Blades
 - Level 10.0 Dodging
 - Level 1.2 Stealth
 - Level 4.0 Shields
 + Level 18.2 Spellcasting
 + Level 18.7 Conjurations
 - Level 5.0 Charms
 - Level 1.0 Necromancy
 - Level 6.1 Fire Magic
 - Level 5.4 Ice Magic
 - Level 5.0 Air Magic
 - Level 9.0 Earth Magic
 - Level 5.5 Poison Magic
 - Level 5.3 Evocations


You had 4 spell levels left.
You knew the following spells:

 Your Spells              Type           Power        Failure   Level  Hunger
a - Animate Skeleton      Necr           N/A          1%          1    None
b - Magic Dart            Conj           ####         0%          1    None
c - Mephitic Cloud        Conj/Pois/Air  ######..     1%          3    None
d - Orb of Destruction    Conj           #######...   1%          7    #####..
e - Iron Shot             Conj/Erth      #######...   1%          6    ###....
f - Iskenderun's Battles  Conj/Chrm      ######..     1%          5    None
g - Regeneration          Chrm/Necr      #####.....   1%          3    None
h - Freezing Cloud        Conj/Ice/Air   #######...   1%          6    ###....
i - Swiftness             Chrm/Air       #####...     1%          2    None
j - Ignite Poison         Fire/Trmt/Pois ###.....     1%          3    None
k - Repel Missiles        Chrm/Air       #####.       1%          2    None
l - Bolt of Fire          Conj/Fire      #####.....   1%          6    ###....
m - Blink                 Tloc           N/A          1%          2    None
n - Apportation           Tloc           ###.......   1%          1    None


Dungeon Overview and Level Annotations

Branches:
Dungeon (14/15)            Temple (1/1) D:7            Lair (8/8) D:9
 Shoals (4/4) Lair:3       Spider (4/4) Lair:4        Slime (0/6) Lair:6
    Orc (2/2) D:12            Elf (0/3) Orc:2        Vaults (0/5) D:14

Altars:
Ashenzari
Cheibriados
Dithmenos
Elyvilon
Fedhas
Gozag
Kikubaaqudgha
Makhleb
Nemelex Xobeh
Okawaru
Pakellas
Qazlal
Ru
Sif Muna
Trog
Vehumet
Xom
Yredelemnul
Zin
The Shining One
Beogh
Jiyva

Shops:
D:6 (   D:14 }   Orc:2 ([:*

Portals:
Trove: D:10 (give 7 potions of agility)

Annotations:
D:3 1 runed door
D:4 1 runed door, Amnesiac's ghost, amateur DEEE; Eustachio
D:5 exclusions: downstairs and 1 more exclusion
D:7 Joseph
D:12 2 runed doors
D:13 exclusion: downstairs
D:14 Agnes
Lair:5 exclusion: downstairs
Shoals:2 exclusion: upstairs
Spider:1 exclusion: 2 downstairs


Innate Abilities, Weirdness & Mutations

Your flesh is heat resistant.


Message History

Casting: Iron Shot
Confirm with . or Enter, or press ? or * to list all spells.
Your skin crawls.
You feel sick.
Casting: Regeneration
Confirm with . or Enter, or press ? or * to list all spells.
You conjure a globe of magical energy.
You feel very sick.
The water nymph gestures at you while chanting.
The water swirls and strikes you!
You feel very sick.
The water nymph points at you and mumbles some strange words.
The water swirls and strikes you!
The water nymph gestures at you while chanting.
The water swirls and strikes you!
* * * LOW HITPOINT WARNING * * *
Drink which item? (? for menu, Esc to quit)
You feel much better.
You feel sick. The water nymph casts a spell at you.
The water swirls and strikes you!
You die...

≈≈.≈#.≈..# #..###..≈≈≈≈≈≈≈≈≈≈≈≈≈≈
#≈.≈#.≈..###....)≈≈≈≈≈≈≈≈≈≈≈≈≈≈≈≈
≈..≈#.≈.........)≈≈≈≈≈≈≈P≈≈≈≈≈≈≈*
.:#≈#≈≈..≈≈.≈...≈≈≈≈≈≈≈≈≈≈≈≈≈≈≈≈*
.#≈##≈≈≈≈≈≈≈≈≈≈≈≈)≈≈≈≈≈mP≈≈≈≈,≈≈*
≈≈##.≈≈≈≈≈≈≈≈≈≈≈)≈P≈≈≈≈≈≈≈≈≈,,,,*
###≈..≈≈(((≈†≈≈)≈≈≈≈P≈P≈P≈≈≈,,,,*
..≈≈≈..≈≈≈≈≈≈≈≈≈≈≈≈≈≈P≈≈≈≈≈≈,,,,*
.......≈≈≈≈≈≈≈≈≈@*≈≈P≈≈P≈≈≈≈,,,,,
...##..≈≈≈≈≈≈≈≈≈≈≈≈≈≈≈≈≈≈,≈≈,,,,,
...##.≈≈######≈≈≈≈≈≈≈≈P≈≈,,≈,,,,,
......≈##≈≈≈≈≈#≈≈≈≈≈≈≈≈≈≈,≈≈≈≈≈≈≈
......##≈≈≈≈#≈≈#≈≈≈≈≈≈≈≈≈≈≈≈≈≈≈≈≈
...≈...≈..#≈≈≈≈≈#≈≈?≈≈≈≈≈≈≈≈≈≈≈≈≈
..≈≈≈.#≈.≈≈≈≈≈#≈#.≈≈≈≈≈≈≈≈≈≈≈≈≈≈≈
..≈≈≈≈#≈.≈##≈≈≈≈#....≈≈≈≈≈≈≈≈≈≈≈≈
..≈≈≈≈#≈..≈#≈*,,*,,,,,,≈≈≈≈≈≈≈≈≈≈


You could see a water nymph and a friendly battlesphere.

Vanquished Creatures
  Rupert (D:14)
  Gastronok (D:10)
  Ilsuiw (Shoals:4)
  Donald (D:14)
  2 ghost moths (Spider:4)
  3 emperor scorpions (Spider:4)
  An orc warlord (Orc:2)
  Nessos (D:14)
  A spark wasp (Spider:4)
  2 merfolk javelineers (Shoals:4)
  4 merfolk impalers
  Josephine (Shoals:1)
  4 entropy weavers
  9 hydras
  4 merfolk avatars
  6 merfolk aquamancers
  An alligator snapping turtle (Shoals:4)
  4 satyrs
  3 centaur warriors
  A catoblepas (Lair:8)
  A deep troll shaman (Lair:8)
  2 orc high priests (Orc:2)
  A tengu warrior (D:14)
  10 death yaks
  Sonja (D:14)
  5 skeletal warriors
  9 sea snakes
  5 harpies (Shoals:4)
  2 hill giants (D:10)
  7 hornets
  14 orb spiders
  2 deep elf magi
  5 orc knights
  7 griffons
  10 fauns
  3 orc sorcerers (Orc:2)
  7 manticores
  2 ugly things (D:12)
  19 wolf spiders
  4 water nymphs
  2 moths of wrath (Spider:4)
  2 cyclopes
  2 centaur zombies
  4 sirens
  6 black mambas
  32 elephants
  Psyche (D:11)
  2 gargoyles (D:10)
  2 ice statues (IceCv)
  5 spiny frogs
  2 torpor snails
  A kobold demonologist (D:14)
  13 demonic crawlers
  A fire drake (Lair:7)
  11 komodo dragons
  A tengu conjurer (D:14)
  35 jumping spiders
  14 merfolk
  A polar bear (Lair:8)
  A two-headed ogre (D:12)
  A queen bee (Lair:4)
  7 trolls
  8 snapping turtles
  A wind drake (Shoals:1)
  3 boulder beetles
  17 blink frogs
  91 redbacks
  A spriggan (D:7)
  Sigmund (D:6)
  A centaur simulacrum (D:11)
  8 water elementals
  A shadow (D:10)
  21 tarantellas
  74 yaks
  5 wraiths
  A hungry ghost (D:8)
  6 basilisks
  3 wyverns
  18 humans
  2 vampire mosquitoes (D:14)
  5 wargs (Orc:2)
  13 hippogriffs
  2 soldier ants
  A mottled dragon (D:14)
  15 wolves
  14 water moccasins
  14 porcupines
  16 ice beasts
  31 orc warriors
  2 necrophages
  5 wasps (Spider:4)
  3 black bears
  5 ogres
  3 eyes of draining
  2 phantoms (D:9)
  10 centaurs
  12 crocodiles
  3 big kobolds
  3 elf zombies (D:14)
  16 giant frogs
  A wyvern zombie (D:13)
  2 wyvern skeletons
  5 scorpions
  22 killer bees
  A troll zombie (D:14)
  14 wights
  7 electric eels
  3 crimson imps
  2 giant frog zombies
  2 quasits
  2 jellies (D:5)
  5 hounds
  13 orc wizards
  A giant frog skeleton (D:8)
  5 orc priests
  A gnoll shaman (D:9)
  3 human zombies (D:14)
  A human skeleton (D:14)
  9 iguanas
  18 hell rats
  12 worker ants
  12 sheep
  2 hound skeletons
  A worker ant zombie (D:5)
  16 gnolls
  12 adders
  79 river rats
  4 shadow imps
  An adder zombie (D:7)
  2 adder skeletons
  A worm (D:2)
  4 giant geckos
  60 orcs
  11 bats
  6 giant cockroaches
  14 goblins
  4 hobgoblins
  10 jackals
  5 quokkas
  2 ball pythons
  A giant gecko skeleton (D:4)
  2 giant newts
  A goblin skeleton (D:5)
  3 hobgoblin zombies (D:5)
  A jackal skeleton (D:6)
  14 kobolds
  2 kobold skeletons
  A kobold zombie (D:3)
  An orc skeleton (D:5)
  3 orc zombies (D:5)
  2 quokka zombies (D:9)
  23 rats
  11 fungi
  7 plants
1197 creatures vanquished.

Vanquished Creatures (collateral kills)
  A manticore (Shoals:4)
  3 elephants
  2 komodo dragons
  2 merfolk
  A wyvern (Lair:7)
  5 yaks
  A hippogriff (Lair:2)
  2 basilisks
  2 wolves
  A water moccasin (Lair:2)
  An ice beast (Lair:2)
  A crocodile (Lair:6)
  3 giant frogs
  A scorpion (D:9)
  A killer bee (D:9)
  An iguana (Lair:2)
  2 orc wizards
  2 gnolls
  6 river rats
  An adder (D:3)
  A giant gecko (D:9)
  4 orcs
  A giant cockroach (D:3)
  A goblin (D:1)
  A hobgoblin (D:1)
  A jackal (D:3)
  2 giant newts (D:3)
  A goblin zombie (D:5)
  A hobgoblin zombie (D:5)
  A jackal skeleton (D:3)
  A rat (D:1)
  A bush (Lair:8)
  2 fungi (Lair:4)
  A plant (Lair:2)
58 creatures vanquished.

Vanquished Creatures (others)
  A tarantella (Spider:2)
  A killer bee (Lair:4)
  15 fungi
  55 plants
  12 tentacles (Shoals:4)
  136 tentacle segments (Shoals:4)
220 creatures vanquished.

Grand Total: 1475 creatures vanquished

Notes
Turn   | Place    | Note
--------------------------------------------------------------
     0 | D:1      | Ratboiler the Deep Elf Wanderer began the quest for the Orb.
     0 | D:1      | Ratboiler set off with: a book of Minor Magic, the Handbook of Stolen Souls, a potion of lignification, a +0 robe, a +0 dagger, a bread ration
     0 | D:1      | Reached XP level 1. HP: 12/12 MP: 5/5
     0 | D:1      | Identified the Handbook of Stolen Souls
     2 | D:1      | Learned a level 1 spell: Animate Skeleton
     4 | D:1      | Learned a level 1 spell: Magic Dart
   264 | D:1      | Reached skill level 1 in Necromancy
   649 | D:1      | Reached XP level 2. HP: 6/16 MP: 2/7
   835 | D:1      | Learned a level 2 spell: Call Imp
   953 | D:1      | Reached skill level 1 in Conjurations
  2024 | D:2      | Reached XP level 3. HP: 20/20 MP: 4/8
  2032 | D:2      | Learned a level 3 spell: Mephitic Cloud
  2933 | D:3      | Found a glowing drain.
  2976 | Sewer    | Entered a sewer
  3156 | Sewer    | Noticed Purgy
  3200 | D:3      | Reached XP level 4. HP: 16/25 MP: 3/9
  3572 | D:3      | Found a sacrificial altar of Ru.
  3578 | D:3      | Reached skill level 4 in Conjurations
  4011 | D:2      | Reached XP level 5. HP: 25/29 MP: 2/10
  4248 | D:3      | Found a runed door.
  4248 | D:3      | Noticed a human
  4257 | D:3      | Found a basalt altar of Yredelemnul.
  4338 | D:3      | Reached skill level 5 in Conjurations
  4923 | D:3      | Found a bloodstained altar of Trog.
  5216 | D:4      | Noticed Amnesiac's ghost (amateur DEEE)
  5466 | D:4      | Found a burning altar of Makhleb.
  5474 | D:4      | Reached skill level 6 in Conjurations
  5474 | D:4      | Reached XP level 6. HP: 34/34 MP: 2/11
  5631 | D:4      | Noticed Eustachio
  5843 | D:4      | Found a white marble altar of Elyvilon.
  5843 | D:4      | Found a runed door.
  5843 | D:4      | Noticed an angel
  6038 | D:5      | Entered Level 5 of the Dungeon
  6038 | D:5      | Noticed an ice beast
  6359 | D:5      | Learned a level 2 spell: Repel Missiles
  7222 | D:5      | Reached skill level 7 in Conjurations
  7321 | D:5      | Found a glowing golden altar of the Shining One.
  7470 | D:5      | Learned a level 3 spell: Conjure Flame
  7558 | D:5      | Found an ancient bone altar of Kikubaaqudgha.
  7601 | D:5      | Found a deep blue altar of Sif Muna.
  8028 | D:5      | Reached XP level 7. HP: 38/38 MP: 1/15
  8422 | D:5      | Found a bloodstained altar of Trog.
  8559 | D:6      | Found a burning altar of Makhleb.
  8577 | D:6      | Noticed Sigmund
  8725 | D:6      | Found Xavole's Weapon Shoppe.
  9294 | D:6      | Reached skill level 5 in Spellcasting
  9310 | D:6      | Found an oddly glowing altar of Pakellas.
  9329 | D:6      | Found an opulent altar of Gozag.
  9821 | D:6      | Reached XP level 8. HP: 33/43 MP: 5/18
  9870 | D:6      | Killed Sigmund
  9998 | D:6      | Reached skill level 8 in Conjurations
 10003 | D:6      | Learned a level 3 spell: Regeneration
 10045 | D:6      | Reached skill level 1 in Charms
 10218 | D:7      | Found a staircase to the Ecumenical Temple.
 10442 | Temple   | Entered the Ecumenical Temple
 10593 | Temple   | Became a worshipper of Vehumet
 10658 | D:7      | Noticed a troll
 10879 | D:7      | Killed a troll
 11111 | D:7      | Found a basalt altar of Yredelemnul.
 11118 | D:7      | Got a smoking cloak
 11129 | D:7      | Identified the +1 cloak of Xodippan {+Blink} (You found it on level 7 of the Dungeon)
 11196 | D:7      | Reached skill level 9 in Conjurations
 11333 | D:7      | Reached XP level 9. HP: 34/47 MP: 7/22
 11540 | D:7      | Noticed Joseph
 11709 | D:8      | Reached skill level 5 in Charms
 12073 | D:8      | Learned a level 2 spell: Blink
 12546 | D:8      | Reached * piety under Vehumet
 12546 | D:8      | Offered knowledge of Freeze by Vehumet.
 12546 | D:8      | Reached skill level 10 in Conjurations
 13327 | D:8      | Reached skill level 10 in Spellcasting
 13366 | D:8      | Got an ancient platinum ring
 13367 | D:8      | Identified the ring "Ciuwneir" {*Corrode rC+ MR- Int+8 Dex+3} (You found it on level 8 of the Dungeon)
 13882 | D:9      | Found a stormy altar of Qazlal.
 13969 | D:9      | Found a staircase to the Lair.
 14077 | D:9      | Reached XP level 10. HP: 39/52 MP: 1/26
 14111 | D:9      | Offered knowledge of Shock by Vehumet.
 14114 | D:9      | Learned a level 1 spell: Shock
 14129 | D:9      | Reached ** piety under Vehumet
 14609 | D:9      | Reached skill level 11 in Conjurations
 14894 | D:9      | Reached skill level 5 in Dodging
 15105 | D:10     | Entered Level 10 of the Dungeon
 15129 | D:10     | Noticed a hill giant
 15154 | D:10     | Killed a hill giant
 15272 | D:10     | Noticed a gargoyle
 15356 | Lair:1   | Entered Level 1 of the Lair of Beasts
 15534 | Lair:1   | Offered knowledge of Ignite Poison by Vehumet.
 15547 | Lair:1   | Learned a level 3 spell: Ignite Poison
 15638 | Lair:1   | Reached skill level 1 in Poison Magic
 15930 | Lair:1   | Noticed a black mamba
 15963 | Lair:1   | Reached *** piety under Vehumet
 16310 | Lair:1   | Killed a black mamba
 16535 | Lair:2   | Noticed a seven-headed hydra
 16774 | Lair:2   | Reached skill level 1 in Evocations
 17032 | Lair:2   | Reached XP level 11. HP: 62/62 MP: 27/27
 17164 | Lair:2   | Killed a seven-headed hydra
 17168 | Lair:2   | Offered knowledge of Iskenderun's Mystic Blast by Vehumet.
 17174 | Lair:2   | Learned a level 4 spell: Iskenderun's Mystic Blast
 17475 | Lair:2   | Reached skill level 5 in Fighting
 17942 | Lair:2   | Reached **** piety under Vehumet
 18163 | Lair:3   | Offered knowledge of Iskenderun's Battlesphere by Vehumet.
 18206 | Lair:2   | Learned a level 5 spell: Iskenderun's Battlesphere
 18392 | Lair:3   | Found a frozen archway.
 18403 | IceCv    | Entered an ice cave
 18540 | IceCv    | Reached skill level 12 in Conjurations
 18630 | IceCv    | Got a bloodstained hand axe
 18631 | IceCv    | Identified the +11 hand axe "Wimoper" {speed, +Rage +Inv} (You found it in an ice cave)
 18684 | Lair:3   | Noticed an eight-headed hydra
 18748 | Lair:3   | Killed an eight-headed hydra
 18748 | Lair:3   | Reached skill level 5 in Evocations
 19153 | Lair:3   | Reached skill level 5 in Poison Magic
 19312 | Lair:3   | Reached ***** piety under Vehumet
 19471 | Lair:3   | Found a staircase to the Shoals.
 19882 | Lair:3   | Offered knowledge of Delayed Fireball by Vehumet.
 19884 | Lair:3   | Reached XP level 12. HP: 70/72 MP: 8/28
 20640 | Lair:4   | Offered knowledge of Spellforged Servitor by Vehumet.
 20794 | Lair:4   | Found a hole to the Spider Nest.
 20966 | Lair:4   | Reached skill level 13 in Conjurations
 21972 | Lair:5   | Identified a scroll of acquirement
 22191 | Lair:5   | Identified Sif Muna's Volume of Floating Hexes (You found it on level 5 of the Lair of Beasts)
 22195 | Lair:5   | Learned a level 2 spell: Swiftness
 22379 | Lair:5   | Noticed a five-headed hydra
 22389 | Lair:5   | Killed a five-headed hydra
 22787 | Lair:5   | Got a warped leather armour
 22798 | Lair:5   | Identified the +2 leather armour of Summertime {Int+2} (You found it on level 5 of the Lair of Beasts)
 23198 | Lair:1   | Reached XP level 13. HP: 80/80 MP: 24/31
 23778 | Lair:6   | Learned a level 6 spell: Poisonous Cloud
 23881 | Lair:6   | Found a viscous altar of Jiyva.
 23881 | Lair:6   | Found a staircase to the Slime Pits.
 23891 | Lair:6   | Reached skill level 10 in Fighting
 23891 | Lair:6   | Reached skill level 1 in Air Magic
 24439 | Lair:6   | Offered knowledge of Bolt of Cold by Vehumet.
 24453 | Lair:6   | Learned a level 6 spell: Bolt of Cold
 24718 | Lair:6   | Reached skill level 14 in Conjurations
 26239 | Lair:7   | Reached skill level 5 in Air Magic
 26584 | Lair:7   | Offered knowledge of Bolt of Fire by Vehumet.
 26601 | Lair:7   | Learned a level 6 spell: Bolt of Fire
 26835 | Lair:7   | Reached XP level 14. HP: 71/88 MP: 2/33
 27025 | Lair:8   | Entered Level 8 of the Lair of Beasts
 27971 | Lair:8   | Reached skill level 5 in Fire Magic
 28060 | Lair:8   | Reached skill level 15 in Conjurations
 28312 | Lair:8   | Offered knowledge of Freezing Cloud by Vehumet.
 28321 | Lair:8   | Learned a level 6 spell: Freezing Cloud
 28888 | D:10     | Found a portal to a secret trove of treasure.
 29250 | D:10     | Noticed Gastronok
 29265 | D:10     | Killed Gastronok
 29935 | D:11     | Noticed Psyche
 29937 | D:11     | Killed Psyche
 29990 | D:11     | Reached skill level 15 in Spellcasting
 30759 | D:12     | Found an iron altar of Okawaru.
 30889 | D:12     | Found a runed door.
 30894 | D:12     | Found a runed door.
 31570 | D:12     | Identified a +1 rod of inaccuracy (13/13) (You found it on level 12 of the Dungeon)
 31636 | D:12     | Reached skill level 5 in Ice Magic
 32433 | D:13     | Reached XP level 15. HP: 92/92 MP: 28/36
 32450 | D:13     | Reached skill level 10 in Dodging
 32651 | D:13     | Reached ****** piety under Vehumet
 33308 | D:14     | Offered knowledge of Orb of Destruction by Vehumet.
 33318 | D:14     | Learned a level 7 spell: Orb of Destruction
 33474 | D:14     | Found an ancient bone altar of Kikubaaqudgha.
 33789 | D:14     | Found a gate to the Vaults.
 33789 | D:14     | Noticed Donald
 33789 | D:14     | Noticed Rupert
 33789 | D:14     | Noticed Agnes
 34383 | D:14     | Noticed Sonja
 34389 | D:14     | Killed Sonja
 34543 | D:14     | Reached skill level 16 in Conjurations
 34585 | D:14     | Found Ruixuem's Gadget Shop.
 34621 | D:14     | Noticed Nessos
 34647 | D:14     | Killed Nessos
 34714 | D:14     | Killed Rupert
 34915 | D:14     | Killed Donald
 35916 | D:12     | Found a staircase to the Orcish Mines.
 35920 | Orc:1    | Entered Level 1 of the Orcish Mines
 35969 | Orc:1    | Offered knowledge of Iron Shot by Vehumet.
 35978 | Orc:1    | Learned a level 6 spell: Iron Shot
 36219 | Orc:2    | Entered Level 2 of the Orcish Mines
 36546 | Orc:2    | Noticed an orc warlord
 36550 | Orc:2    | Found a roughly hewn altar of Beogh.
 36554 | Orc:2    | Killed an orc warlord
 36704 | Orc:2    | Found Kiumpec's Antique Armour Shoppe.
 36714 | Orc:2    | Found a staircase to the Elven Halls.
 37299 | Orc:2    | Found Vejohin's Book Boutique.
 37556 | Orc:2    | Found Xaifaam's General Store.
 37565 | Orc:2    | Bought a scroll of recharging for 114 gold pieces
 37794 | Orc:2    | Found Lempurus's Antique Weapon Boutique.
 38081 | Orc:1    | Reached skill level 1 in Earth Magic
 38217 | Lair:1   | Learned a level 2 spell: Blink
 38337 | Spider:1 | Entered Level 1 of the Spider Nest
 38910 | Spider:1 | Gained mutation: Your flesh is heat resistant. [potion of beneficial mutation]
 39649 | Spider:2 | Got a pitted morningstar
 39651 | Spider:2 | Identified the +1 morningstar of Frustration {elec, rF+++ rN+} (You found it on level 2 of the Spider Nest)
 40661 | Spider:2 | Reached XP level 16. HP: 100/100 MP: 12/38
 41062 | Spider:2 | Offered knowledge of Lehudib's Crystal Spear by Vehumet.
 41062 | Spider:2 | Offered knowledge of Glaciate by Vehumet.
 41062 | Spider:2 | Offered knowledge of Tornado by Vehumet.
 41207 | Spider:2 | Reached skill level 17 in Conjurations
 41392 | Spider:2 | Reached skill level 5 in Earth Magic
 42688 | Spider:4 | Entered Level 4 of the Spider Nest
 45385 | Spider:4 | Got a gossamer rune of Zot
 45411 | Spider:4 | Reached XP level 17. HP: 108/108 MP: 25/39
 45478 | Spider:4 | Paralysed by a hornet for 1 turns
 45796 | Shoals:1 | Entered Level 1 of the Shoals
 45982 | Shoals:1 | Noticed Josephine
 45988 | Shoals:1 | Killed Josephine
 46150 | Shoals:1 | Reached skill level 18 in Conjurations
 46421 | Shoals:2 | Learned a level 1 spell: Apportation
 46917 | Shoals:4 | Entered Level 4 of the Shoals
 47405 | Shoals:4 | Noticed Ilsuiw
 47421 | Shoals:4 | Killed Ilsuiw
 47811 | Shoals:4 | Noticed a kraken
 48221 | Shoals:4 | HP: 1/109 [water nymph/the raging water (36)]
 48222 | Shoals:4 | Killed from afar by a water nymph

Vault maps used:
D:1:      lightli_iron_boxes, minmay_misc_feat_tower
D:3:      lemuel_round_altar, nicolae_ru_great_annihilating_truth,
          gup_sewer_entry_glass, dk_yredelemnul_ordeal
D:4:      nicolae_overflow_hidden_temple, first_bread, lemuel_angel_altar,
          uniq_eustachio
D:5:      nicolae_tso_besieged_by_evil, kennysheep_mini_moat, led_sif_pool,
          grunt_ministairs_3, roderic_lattice_a, hangedman_decor_riveting,
          trog_eyes_of_draining
D:6:      nicolae_overflow_crystal_walls, old_standard_altar, serial_shops,
          nicolae_shop_statue_plus, basic_altar, uniq_sigmund
D:7:      lemuel_crystal_altar, minmay_temple_entry_mist, the_bakery,
          uniq_joseph
D:9:      grunt_qazlal_clouds, dpeg_oklobed_lair
D:10:     enter_trove_3, kennysheep_cross_room, uniq_gastronok
D:11:     uniq_psyche
D:12:     lemuel_troll_bridge, okawaru_humans
D:14:     david_vaults_3, serial_bayou_pond_b, serial_shops,
          nicolae_shop_temple_entry_statues_fountains,
          lemuel_mausoleum_altar_kikubaaqudgha, uniq_sonja, uniq_agnes,
          uniq_nessos
Temple:   chambers_temple_10
Lair:1:   infiniplex_staircase_pool, grunt_megastairs_1
Lair:2:   fungi_pond_lemuel, hangedman_lair_unloving_vines,
          bh_autumn_forest_stairs
Lair:3:   elwin_shoals_entry_stream, portal_ice_cave_entry_ice_beasts
Lair:4:   spider_nest_entry_web_field, special_room, grunt_megastairs_2
Lair:6:   lemuel_ratsnest, dpeg_slime_entry_enclosed_altar, serial_bayou,
          serial_bayou_lagoon_b, serial_bayou_pond_c, serial_bayou_pond_c,
          serial_bayou_pond_b, serial_bayou_pond_d, serial_bayou_shore_a,
          minmay_stone_trees_small, minmay_stone_trees_medium
Lair:8:   grunt_lair_end_beastmaster, serial_bayou_crossing, grunt_megastairs_3
Shoals:1: nicolae_shoals_mertower, uniq_josephine, uniq_nikola
Shoals:3: cheibrodos_shoals_oceanic_diplomacy
Shoals:4: shoals_end_hangedman, shoals_ilsuiw_alternative
Spider:4: guppyfry_spider_rune
Orc:2:    grunt_orc_gardens, grunt_orc_garden, grunt_orc_garden,
          grunt_orc_garden, grunt_orc_garden, basic_altar,
          nicolae_orc_sculptors_studio
Sewer:    kennysheep_door_sewer
IceCv:    ice_cave_statue_garden_01

Action                   |  1- 3 |  4- 6 |  7- 9 | 10-12 | 13-15 | 16-18 || total
-------------------------+-------+-------+-------+-------+-------+-------++-------
Melee: Dagger            |   107 |    47 |    71 |       |       |       ||   225
       Short sword       |       |     4 |       |       |       |       ||     4
       Whip              |       |       |    22 |   130 |       |       ||   152
       Hand axe          |       |       |       |    26 |    40 |     4 ||    70
       Staff             |       |       |       |       |     8 |     2 ||    10
Throw: Stone             |     2 |       |       |       |       |       ||     2
 Cast: Animate Skeleton  |    15 |    16 |    14 |    49 |    23 |     4 ||   121
       Magic Dart        |   104 |   158 |   214 |   357 |   353 |   273 ||  1459
       Call Imp          |       |     6 |    14 |     3 |       |       ||    23
       Mephitic Cloud    |       |     8 |    53 |    76 |    33 |       ||   170
       Conjure Flame     |       |     1 |    51 |    45 |     7 |       ||   104
       Repel Missiles    |       |     1 |     3 |       |     3 |     2 ||     9
       Regeneration      |       |       |     1 |     5 |     3 |    15 ||    24
       Shock             |       |       |       |    21 |       |       ||    21
       Blink             |       |       |       |     7 |     3 |     2 ||    12
       Ignite Poison     |       |       |       |    26 |    20 |       ||    46
       Iskenderun's Myst |       |       |       |    29 |   131 |       ||   160
       Iskenderun's Batt |       |       |       |    50 |   133 |    98 ||   281
       Bolt of Cold      |       |       |       |       |    84 |       ||    84
       Bolt of Fire      |       |       |       |       |    77 |    11 ||    88
       Poisonous Cloud   |       |       |       |       |     1 |       ||     1
       Freezing Cloud    |       |       |       |       |    81 |    58 ||   139
       Orb of Destructio |       |       |       |       |    51 |    49 ||   100
       Iron Shot         |       |       |       |       |    46 |   194 ||   240
Evoke: Wand              |       |     1 |     5 |     6 |       |       ||    12
       Lamp of fire      |       |       |       |       |     3 |       ||     3
  Use: Potion            |     1 |       |     3 |       |     1 |     6 ||    11
       Scroll            |       |    10 |     7 |    17 |    21 |     7 ||    62
 Stab: Sleeping          |       |     1 |       |       |       |       ||     1
       Confused          |       |       |     6 |     4 |       |       ||    10
       Distracted        |       |       |       |     1 |       |       ||     1
  Eat: Chunk             |     5 |    10 |     4 |     6 |    27 |    24 ||    76
       Bread ration      |     1 |       |     2 |       |     9 |     5 ||    17
       Meat ration       |       |     1 |     1 |     3 |     6 |       ||    11
       Fruit             |       |       |     2 |     2 |       |     2 ||     6
       Beef jerky        |       |       |     1 |     5 |     2 |       ||     8
       Pizza             |       |       |       |     2 |     6 |     1 ||     9
       Royal jelly       |       |       |       |       |       |     8 ||     8
